 Dungeon Crawl Stone Soup version 0.21.1-1-g345015f (webtiles) character file.

1675 inc the Fighter (level 8, -2/42 HPs)
             Began as a Felid Transmuter on Mar 6, 2018.
             Was a Follower of Vehumet.
             Slain by a yak (12 damage)
             ... on level 8 of the Dungeon.
             The game lasted 00:29:55 (11237 turns).

inc the Fighter (Felid Transmuter)                 Turns: 11237, Time: 00:29:55

Health: -2/42      AC:  2    Str:  6    XL:     8   Next: 70%
Magic:  10/12      EV: 27    Int: 18    God:    Vehumet [*.....]
Gold:   480        SH:  0    Dex: 22    Spells: 4/11 levels left
                                        Lives:  0   Deaths: 2

rFire    . . .     SeeInvis +     - Unarmed
rCold    . . .     Gourm    .   (shield unavailable)
rNeg     . . .     Faith    .   (armour unavailable)
rPois    x         Spirit   .   (helmet unavailable)
rElec    .         Reflect  .   (cloak unavailable)
rCorr    .         Harm     .   (gloves unavailable)
MR       ++...                  (boots unavailable)
Stlth    ++++......             (no amulet)
HPRegen  0.14/turn              (no ring)
MPRegen  0.13/turn              (no ring)

@: spider-form
A: tiny, no armour, no weapons or thrown items, stealth, see invisible,
carnivore, magic resistance 1, slow metabolism 1, wild magic 1
a: End Transformation, Renounce Religion


You were on level 8 of the Dungeon.
You worshipped Vehumet.
Vehumet was aware of your devotion.
You were not hungry.
You were a venomous arachnid creature.
You visited 2 branches of the dungeon, and saw 10 of its levels.

You collected 480 gold pieces.

Inventory:

Missiles
 a - 89 arrows
Jewellery
 k - an uncursed amulet of faith
 r - an uncursed ring of fire
Wands
 h - a wand of digging (18)
 o - a wand of iceblast (18)
 t - a wand of polymorph (11)
 B - a wand of random effects (37)
 C - a wand of paralysis (14)
 E - a wand of enslavement (16)
 G - a wand of acid (10)
Scrolls
 d - 2 scrolls of blinking {unknown}
 e - 5 scrolls of enchant armour
 f - a scroll of fear {unknown}
 g - a scroll of teleportation {unknown}
 i - 4 scrolls of remove curse
 l - 2 scrolls of enchant weapon {unknown}
 n - 5 scrolls of amnesia {unknown}
 s - 2 scrolls of immolation {unknown}
 v - 2 scrolls of magic mapping {unknown}
 w - a scroll of fog {unknown}
 x - a scroll of random uselessness {unknown}
 I - a scroll of identify
Potions
 m - a potion of mutation
 p - 2 potions of haste
 u - 2 potions of degeneration
 D - a potion of lignification {unknown}
 F - a potion of might {unknown}
 H - a potion of magic
Books
 b - a book of Changes

   Spells                             Type                      Level
   a - Beastly Appendage              Transmutation                1
   b - Sticks to Snakes               Transmutation                2
   c - Spider Form                    Transmutation/Poison         3
   d - Ice Form                       Ice/Transmutation            4
   e - Blade Hands                    Transmutation                5
 q - a book of Party Tricks

   Spells                             Type                      Level
   a - Summon Butterflies             Summoning                    1
   b - Apportation                    Translocation                1
   c - Lesser Beckoning               Translocation                3
   d - Tukima's Dance                 Hexes                        3
   e - Alistair's Intoxication        Transmutation/Poison         5
   f - Invisibility                   Hexes                        6
 y - a book of Flames

   Spells                             Type                      Level
   a - Flame Tongue                   Conjuration/Fire             1
   b - Throw Flame                    Conjuration/Fire             2
   c - Conjure Flame                  Conjuration/Fire             3
   d - Inner Flame                    Hexes/Fire                   3
   e - Sticky Flame                   Conjuration/Fire             4
   f - Fireball                       Conjuration/Fire             5
Comestibles
 c - 14 rations


   Skills:
 - Level 8.9 Fighting
 - Level 6.5 Dodging
 - Level 6.1 Stealth
 - Level 7.2 Unarmed Combat
 - Level 2.0 Spellcasting
 + Level 5.8 Conjurations
 - Level 4.0 Transmutations
 + Level 5.6 Fire Magic


You had 4 spell levels left.
You knew the following spells:

 Your Spells              Type           Power        Failure   Level  Hunger
a - Beastly Appendage     Tmut           ###...       17%         1    #......
b - Sticks to Snakes      Tmut           ###.....     22%         2    ###....
c - Spider Form           Tmut/Pois      ##........   54%         3    ###....
d - Flame Tongue          Conj/Fire      ####.        11%         1    #......


Dungeon Overview and Level Annotations

Branches:
Dungeon (9/15)             Temple (1/1) D:7            Lair (0/6) D:8
    Orc (0/2) D:9

Altars:
Ashenzari
Dithmenos
Elyvilon
Fedhas
Gozag
Hepliaklqana
Makhleb
Nemelex Xobeh
Okawaru
Qazlal
Ru
Sif Muna
Trog
Uskayaw
Vehumet
Wu Jian
Xom
Yredelemnul
The Shining One

Shops:
D:5 [   D:7 (

Annotations:
D:8 SaintRoka's ghost, novice DDNe


Innate Abilities, Weirdness & Mutations

You cannot wear armour.
You are incapable of wielding weapons or throwing items.
Your paws allow you to move quietly. (Stealth)
((You have sharp claws.))
((You have razor-sharp teeth.))
You have supernaturally acute eyesight. (SInv)
You are carnivorous and can eat meat at any time.
((You cover ground quickly.))
((You are covered in thick fur. (AC +2)))
You have a slow metabolism.
((Your sharp claws are effective at attacking unaware monsters.))
((You are partially covered in thin metallic scales. (AC +2)))
((Your flesh is heat resistant. (rF+)))
You are resistant to hostile enchantments. (MR+)
Your spells are a little harder to cast, but a little more powerful.


Message History

You hit the yak but do no damage.
The yak looks as sick as possible!
The yak is heavily wounded.
The yak misses you.
You bite the yak!
The yak looks as sick as possible!
The yak is severely wounded.
The yak closely misses you. The yak barely misses you.
You hit the yak.
The yak looks as sick as possible!
The yak is heavily wounded.
The yak gores you! x2
* * * LOW HITPOINT WARNING * * *
You see here a whip.
The yak completely misses you.
There is a stone staircase leading up here.
You hit the yak.
The yak looks as sick as possible!
The yak is severely wounded.
The yak completely misses you.
You hit the yak but do no damage.
The yak looks as sick as possible!
The yak is almost dead.
The yak completely misses you. The yak gores you!
You die...

#.## ##### #.#
##...## ##.##
##.....## ##...#
#.......###....#
###..._...##.[....
##.#.......##......
#..##.....##[[...#.
##sY##...##........
#.Y.##)##.........
##...).....<......
##...............
###..............
##..#.............
##..##.............
#.####.............
### #.............


You could see 2 yaks.

Vanquished Creatures
  Erica (D:8)
  A two-headed ogre (D:7)
  2 hippogriffs (D:8)
  Sigmund (D:3)
  Eustachio (D:4)
  2 yaks (D:8)
  A basilisk (D:8)
  A vampire mosquito (D:8)
  A water moccasin (D:5)
  Duvessa (D:4)
  2 ice beasts
  2 sky beasts
  2 orc warriors
  2 black bears
  An eye of draining (D:9)
  4 ogres
  2 centaurs
  A crocodile (D:8)
  5 bullfrogs
  A big kobold (D:8)
  A gnoll sergeant (D:9)
  Dowan (D:4)
  A scorpion (D:4)
  A howler monkey (D:6)
  A crimson imp (D:6)
  A centaur zombie (D:7)
  4 orc priests (D:8)
  3 hounds
  5 jellies
  5 orc wizards
  3 bullfrog skeletons
  Ijyb (D:3)
  Natasha (D:3)
  2 iguanas (D:8)
  4 worker ants
  A hound zombie (D:7)
  2 worker ant zombies
  Robin (D:3)
  4 gnolls (D:6)
  7 adders
  6 oozes
  2 worms (D:3)
  2 dart slugs (D:2)
  4 leopard geckos
  8 orcs
  8 bats
  7 giant cockroaches
  21 goblins
  4 hobgoblins
  4 jackals
  3 quokkas
  8 frilled lizards
  7 kobolds
  A leopard gecko skeleton (D:5)
  4 rats
172 creatures vanquished.

Vanquished Creatures (collateral kills)
  4 ogres
  2 bullfrogs
  A giant cockroach (D:3)
  A hobgoblin (D:3)
  A quokka (D:9)
9 creatures vanquished.

Grand Total: 181 creatures vanquished

Notes
Turn   | Place    | Note
-------+----------+-------------------------------------------
     0 | D:1      | inc the Felid Transmuter began the quest for the Orb.
     0 | D:1      | Reached XP level 1. HP: 9/9 MP: 4/4
     1 | D:1      | Noticed an electric eel
   193 | D:1      | Reached XP level 2. HP: 9/12 MP: 6/6
   628 | D:2      | Found a sparkling altar of Nemelex Xobeh.
  1064 | D:2      | Noticed an ogre
  1071 | D:3      | Noticed Natasha
  1094 | D:2      | Learned a level 2 spell: Sticks to Snakes
  1155 | D:2      | Reached XP level 3. HP: 14/15 MP: 7/7
  1270 | D:3      | Noticed Ijyb
  1298 | D:3      | Noticed a bullfrog
  1329 | D:3      | Killed Ijyb
  1434 | D:3      | Learned a level 3 spell: Spider Form
  1442 | D:3      | Found a bloodstained altar of Trog.
  1465 | D:3      | Noticed a bullfrog
  1473 | D:3      | Killed a bullfrog
  1473 | D:3      | Reached XP level 4. HP: 19/19 MP: 0/8
  1901 | D:3      | Killed a bullfrog
  1901 | D:3      | Reached XP level 5. HP: 17/22 MP: 3/9
  2017 | D:3      | Reached skill level 5 in Dodging
  2268 | D:3      | Noticed Robin
  2298 | D:3      | Killed Robin
  2540 | D:2      | Killed an ogre
  2540 | D:2      | Gained mutation: You are covered in thick fur. (AC +2) [Felid growth]
  2540 | D:2      | Reached XP level 6. HP: 25/25 MP: 3/10
  2623 | D:3      | Killed Natasha
  3089 | D:4      | Noticed Sigmund
  3102 | D:3      | Killed Sigmund
  3102 | D:3      | Reached skill level 3 in Fighting
  3179 | D:4      | Found an opulent altar of Gozag.
  3248 | D:4      | Noticed Eustachio
  3312 | D:4      | Reached skill level 4 in Fighting
  3312 | D:4      | Reached XP level 7. HP: 32/32 MP: 1/11
  3493 | D:4      | Killed Eustachio
  3493 | D:4      | Reached skill level 5 in Unarmed Combat
  3695 | D:4      | Found a burning altar of Makhleb.
  4253 | D:4      | Noticed Duvessa
  4264 | D:4      | Noticed Dowan
  4269 | D:4      | Killed Duvessa
  4276 | D:4      | Killed Dowan
  4276 | D:4      | Reached XP level 8. HP: 34/36 MP: 4/12
  4559 | D:5      | Entered Level 5 of the Dungeon
  4644 | D:5      | Found Ucwanna's Antique Armour Shop.
  4972 | D:6      | Found a deep blue altar of Sif Muna.
  5022 | D:5      | Reached skill level 1 in Stealth
  5175 | D:6      | Found a basalt altar of Yredelemnul.
  5451 | D:6      | Reached skill level 5 in Stealth
  5904 | D:6      | Found a shadowy altar of Dithmenos.
  5987 | D:6      | Reached skill level 5 in Fighting
  6249 | D:6      | Found a blossoming altar of Fedhas.
  6566 | D:7      | Found Julewor's Antique Weapon Shoppe.
  6588 | D:7      | Reached skill level 6 in Fighting
  6594 | D:7      | Gained mutation: Your flesh is heat resistant. (rF+) [potion of mutation]
  6594 | D:7      | Gained mutation: You are resistant to hostile enchantments. (MR+) [potion of mutation]
  6594 | D:7      | Gained mutation: You are partially covered in thin metallic scales. (AC +2) [potion of mutation]
  6594 | D:7      | Gained mutation: Your spells are a little harder to cast, but a little more powerful. [potion of mutation]
  6725 | D:7      | Reached XP level 9. HP: 42/42 MP: 13/13
  6964 | D:7      | Reached skill level 7 in Fighting
  7138 | D:7      | Found a staircase to the Ecumenical Temple.
  7140 | D:7      | Noticed a two-headed ogre
  7166 | D:7      | Killed a two-headed ogre
  7166 | D:7      | Reached skill level 8 in Fighting
  7184 | Temple   | Entered the Ecumenical Temple
  7300 | Temple   | Became a worshipper of Vehumet
  7303 | Temple   | Learned a level 1 spell: Flame Tongue
  7682 | D:8      | Found an ornate altar of the Wu Jian Council.
  7699 | D:7      | Reached skill level 1 in Conjurations
  7699 | D:7      | Reached skill level 1 in Fire Magic
  8221 | D:8      | Reached * piety under Vehumet
  8221 | D:8      | Offered knowledge of Freeze by Vehumet.
  8659 | D:8      | Found a staircase to the Lair.
  8707 | D:8      | Noticed Erica
  8730 | D:8      | Killed Erica
  8730 | D:8      | Reached XP level 10. HP: 42/49 MP: 14/14
  9241 | D:8      | Noticed SaintRoka's ghost (novice DDNe)
  9738 | D:8      | Reached skill level 5 in Conjurations
  9846 | D:8      | Reached skill level 5 in Fire Magic
 10489 | D:8      | Found a hazy altar of Hepliaklqana.
 10770 | D:9      | Found a staircase to the Orcish Mines.
 10805 | D:9      | Slain by a vampire mosquito
 10806 | D:9      | Reached XP level 9. HP: -1/45 MP: 4/13
 10827 | D:8      | HP: 1/45 [vampire mosquito (8)]
 10830 | D:8      | Slain by a vampire mosquito
 10831 | D:8      | Reached XP level 8. HP: -5/42 MP: 12/12
 11237 | D:8      | Slain by a yak

Skill      XL: |  1  2  3  4  5  6  7  8  9 10 |
---------------+-------------------------------+-----
Unarmed Combat | 4 6 7 |  7.2
Transmutations | 4 |  4.0
Dodging        | 4 6 |  6.5
Fighting       | 4 6 8 |  8.9
Stealth        | 6 |  6.1
Conjurations   | 4 5 |  5.8
Fire Magic     | 4 5 |  5.6
Spellcasting   | |  2.0

Action                   |  1- 3 |  4- 6 |  7- 9 | 10-12 || total
-------------------------+-------+-------+-------+-------++-------
Melee: Unarmed           |    90 |   143 |   354 |   106 ||   693
       Punch             |     1 |     3 |     5 |       ||     9
       Bite              |     6 |     6 |    21 |     2 ||    35
       Headbutt          |       |     4 |    21 |       ||    25
 Cast: Beastly Appendage |     1 |     2 |    15 |       ||    18
       Sticks to Snakes  |    11 |     8 |    21 |     4 ||    44
       Spider Form       |       |    13 |    20 |    14 ||    47
       Flame Tongue      |       |       |     5 |     7 ||    12
 Abil: End Transformatio |       |       |     1 |     2 ||     3
  Use: Potion            |     3 |     2 |     8 |     3 ||    16
       Scroll            |       |     4 |     3 |       ||     7
 Stab: Sleeping          |     1 |     3 |     9 |     2 ||    15
       Invisible         |       |       |     1 |       ||     1
       Distracted        |       |       |     1 |     1 ||     2
  Eat: Chunk             |     2 |     5 |    20 |     5 ||    32
       Ration            |       |       |     2 |       ||     2
Armor: Skin              |     5 |     3 |    13 |     4 ||    25
Dodge: Dodged            |    80 |   101 |   374 |   111 ||   666
